Map: 10000 Feet LE

Players

LiquidClem (Clem) - Winner!

  • Race: Protoss Protoss
  • League: Grandmaster
  • Spawn Location: 5:00

HeroMarine

  • Race: Terran Terran
  • Spawn Location: 11:00

VOD

Have the link to the VOD?

Description

Time

  • Played on: Jan. 31, 2026, 10:21 a.m.
  • Length: 14:53
Show
View Real Time Build Order
Export as new Build Order

LiquidClem Protoss - Winner!

Build Orders: 1 Gate Expand, Phoenix Opening, Blink Stalkers, Colossus Rush 

Get SALT Encoding   

  12  0:00  Probe  
  13  0:12  Probe  
  14  0:16  Pylon  
  14  0:23  Probe  
  15  0:31  Probe  
  16  0:38  Gateway  
  16  0:39  Probe  
  16  0:44  Assimilator  
  17  0:50  Probe  
  18  1:02  Probe  
  19  1:15  Probe  
  20  1:22  Nexus  
  20  1:30  Cybernetics Core  
  20  1:32  Probe  
  21  1:37  Assimilator  
  21  1:44  Probe  
  22  1:47  Pylon  
  22  1:54  Stalker  
  22  1:56  Probe  
  23  2:06  Warp Gate  
  23  2:08  Probe  
  26  2:14  Shield Battery  
  26  2:20  Probe  
  27  2:23  Phoenix, Sentry  
  27  2:29  Probe  
  29  2:32  Probe  
  31  2:38  Probe  
  31  2:40  Twilight Council  
  32  2:44  Probe  
  32  2:47  Stalker  
  32  2:49  Probe  
  36  2:55  Gateway  
  36  2:58  Blink, Probe  
  36  3:01  Probe  
  38  3:11  Probe  
  39  3:13  Probe  
  40  3:23  Probe  
  40  3:25  Probe  
  42  3:29  Pylon  
  42  3:33  Phoenix  
  42  3:35  Probe  
  42  3:38  Probe  
  43  3:43  Probe  
  40  3:50  Probe  
  40  3:51  Probe  
  40  3:54  Stalker x2  
  40  3:55  Assimilator  
  45  4:01  Probe  
  45  4:02  Probe  
  46  4:03  Nexus  
  46  4:09  Pylon  
  47  4:13  Probe  
  47  4:14  Probe  
  49  4:21  Robotics Facility  
  49  4:23  Pylon  
  49  4:25  Probe  
  49  4:26  Probe  
  49  4:30  Pylon, Phoenix  
  51  4:31  Stalker  
  51  4:34  Stalker  
  56  4:42  Gateway  
  56  4:45  Gateway  
  55  4:47  Probe  
  55  4:48  Probe  
  55  4:52  Shield Battery  
  57  4:57  Stalker  
  57  4:59  Stalker  
  61  5:01  Probe  
  61  5:03  Probe  
  62  5:07  Observer  
  62  5:12  Probe  
  62  5:13  Probe  
  63  5:15  Probe  
  63  5:19  Charge  
  63  5:21  Probe x2  
  65  5:27  Probe  
  68  5:29  Probe x2  
  68  5:30  Robotics Bay  
  70  5:39  Probe  
  70  5:40  Probe  
  70  5:42  Observer  
  72  5:43  Probe  
  72  5:48  Gateway  
  73  5:51  Probe  
  73  5:52  Probe  
  73  5:53  Phoenix  
  73  5:54  Gateway  
  73  5:55  Probe  
  73  5:56  Gateway  
  76  5:59  Colossus, Gateway  
  76  6:02  Shield Battery  
  76  6:03  Probe  
  77  6:09  Zealot x2  
  81  6:11  Pylon  
  81  6:14  Shield Battery  
  87  6:20  Zealot  
  87  6:22  Zealot  
  87  6:25  Pylon  
  91  6:27  Extended Thermal Lance  
  91  6:32  Zealot x2  
  95  6:40  Probe x3  
  95  6:42  Pylon  
  95  6:44  Forge  
  98  6:49  Colossus  
  98  6:53  Nexus  
  98  6:54  Pylon  
  98  6:55  Assimilator  
  104  7:02  Observer  
  104  7:04  Stalker  
  104  7:08  Protoss Ground Weapons Level 1  
  106  7:10  Pylon  
  106  7:12  Sentry, Zealot x2  
  106  7:14  Probe  
  106  7:15  Probe x2  
  111  7:22  Probe  
  110  7:27  Probe x2  
  113  7:31  Photon Cannon, Zealot x2  
  113  7:32  Zealot  
  113  7:35  Probe, Forge  
  119  7:39  Probe x2  
  119  7:42  Pylon  
  122  7:44  Colossus  
  122  7:47  Probe  
  122  7:49  Pylon  
  122  7:50  Photon Cannon  
  124  7:51  Probe x2  
  124  7:57  Shield Battery  
  124  7:58  Protoss Ground Armor Level 1  
  131  8:02  Probe x2  
  131  8:03  Probe, Pylon  
  133  8:05  Probe  
  135  8:14  Probe  
  135  8:16  Probe  
  135  8:18  Nexus  
  135  8:19  Probe x2  
  139  8:22  Pylon  
  139  8:27  Probe  
  140  8:31  Zealot x4  
  147  8:35  Robotics Facility  
  147  8:38  Gateway  
  147  8:39  Gateway  
  147  8:41  Warp Prism  
  147  8:45  Pylon, Gravitic Drive  
  149  8:53  Gateway  
  149  8:54  Probe  
  149  8:55  Probe x2, Gateway  
  152  8:56  Probe  
  152  9:00  Protoss Ground Weapons Level 2  
  152  9:02  Pylon  
  153  9:08  Zealot x6  
  165  9:12  Zealot x2  
  165  9:15  Probe  
  165  9:25  Shield Battery  
  165  9:30  Nexus  
  165  9:32  Pylon  
  165  9:33  Disruptor  
  165  9:41  Stalker x6  
  165  9:45  Robotics Facility  
  179  9:46  Zealot  
  179  9:50  Zealot x3  
  187  9:53  Probe x4  
  187  9:54  Protoss Ground Armor Level 2  
  187  9:55  Probe  
  190  10:03  Disruptor, Zealot x2  
  190  10:05  Zealot x3  
  188  10:11  Zealot  
  188  10:12  Zealot x4  
  172  10:18  Stalker x2  
  172  10:20  Disruptor  
  172  10:21  Shield Battery  
  166  10:22  Shield Battery, Probe x2  
  166  10:24  Probe  
  166  10:25  Probe  
  166  10:26  Disruptor  
  169  10:45  Zealot x11  
  169  10:47  Zealot  
  169  10:49  Disruptor  
  182  10:58  Disruptor  
  178  11:10  Probe  
  169  11:19  Zealot x7  
  169  11:20  Zealot x5  
  169  11:24  Disruptor  
  169  11:25  Pylon, Disruptor  
  187  11:26  Protoss Ground Weapons Level 3  
  187  11:30  Assimilator  
  183  11:32  Assimilator  
  183  11:33  Probe x2  
  183  11:34  Probe  
  183  11:38  Disruptor  
  190  11:41  Nexus  
  190  11:43  Zealot x5  
  200  11:52  Protoss Ground Armor Level 3  
  200  11:55  Photon Cannon  
  200  11:56  Shield Battery  
  200  12:00  Disruptor  
  194  12:03  Stalker  
  180  12:17  Zealot x10  
  180  12:22  Gateway  
  200  12:24  Gateway  
  192  12:31  Zealot x2  
  192  12:35  Dark Shrine  
  196  12:47  Disruptor  
  196  12:49  Warp Prism  
  170  12:52  Zealot x12, Warp Prism  
  198  13:06  Gravitic Boosters  
  198  13:08  Gateway x2  
  198  13:10  Pylon  
  198  13:19  Nexus  
  196  13:22  Stalker x2  
  186  13:31  Zealot x12  
  200  13:37  Gateway  
  200  13:40  Gateway  
  196  13:53  Pylon  
  192  14:04  Nexus x2  
  192  14:05  Zealot x9, Disruptor  
  198  14:13  Zealot x7  
  198  14:15  Disruptor  
  192  14:22  Pylon  
  184  14:30  Zealot x8  
  186  14:35  Zealot x3  
Show
View Real Time Build Order
Export as new Build Order

HeroMarine Terran 

Build Orders: Banshee Rush 

Get SALT Encoding   

  12  0:00  SCV  
  13  0:12  SCV  
  14  0:17  Supply Depot  
  14  0:24  SCV  
  15  0:38  SCV  
  15  0:39  Barracks  
  16  0:43  Refinery  
  16  0:50  SCV  
  16  0:52  Refinery  
  17  1:02  SCV  
  18  1:14  SCV  
  19  1:26  Reaper, Orbital Command  
  20  1:39  Factory  
  20  1:45  Supply Depot  
  20  1:52  SCV  
  21  1:58  Reaper  
  22  2:04  SCV  
  23  2:14  Command Center  
  23  2:16  SCV  
  24  2:23  Hellion  
  24  2:28  SCV  
  27  2:30  Reaper  
  27  2:33  Supply Depot  
  28  2:40  SCV  
  29  2:44  Hellion  
  29  2:49  Starport  
  31  2:54  SCV  
  32  3:03  Barracks Reactor  
  32  3:07  SCV  
  32  3:11  Factory Tech Lab  
  33  3:19  SCV  
  34  3:27  Orbital Command  
  34  3:31  SCV  
  35  3:35  Cloaking Field, Banshee  
  36  3:45  Factory Tech Lab, SCV  
  36  3:47  Marine  
  36  3:48  Marine  
  37  3:53  SCV  
  35  3:55  Bunker  
  35  3:58  SCV  
  35  4:01  Barracks  
  36  4:03  Siege Tank  
  36  4:05  SCV, Marine x2  
  42  4:13  SCV  
  42  4:14  Supply Depot  
  43  4:17  SCV  
  43  4:18  Banshee  
  43  4:23  Marine  
  48  4:25  SCV  
  48  4:29  SCV  
  50  4:33  Barracks  
  50  4:36  Supply Depot  
  50  4:37  SCV  
  51  4:39  Siege Tank  
  51  4:41  SCV, Marine  
  51  4:42  Marine  
  57  4:49  SCV  
  58  4:54  SCV  
  58  4:56  Barracks, Refinery  
  58  4:58  Barracks  
  58  4:59  Marine x2  
  60  5:03  SCV  
  60  5:05  Engineering Bay  
  60  5:06  SCV  
  63  5:15  SCV  
  63  5:18  SCV  
  63  5:20  Stimpack  
  65  5:23  Starport Reactor  
  65  5:24  Marine x3  
  65  5:27  SCV  
  69  5:28  Factory Reactor  
  69  5:32  Terran Infantry Weapons Level 1  
  70  5:36  Refinery  
  70  5:41  Supply Depot, SCV  
  70  5:43  Command Center  
  70  5:47  Supply Depot  
  70  5:54  Combat Shield  
  70  5:59  Barracks Reactor, Barracks Tech Lab  
  70  6:02  Marine x2  
  70  6:03  SCV x2, Marauder x2  
  70  6:04  Supply Depot  
  78  6:14  Supply Depot  
  78  6:15  SCV x2  
  78  6:18  Marine  
  80  6:20  Medivac, Marine  
  80  6:22  Medivac  
  90  6:26  Marauder x2  
  90  6:27  SCV x2, Supply Depot  
  90  6:30  Supply Depot  
  92  6:36  Marauder  
  92  6:39  SCV x2  
  96  6:41  Marine  
  96  6:42  Marine  
  96  6:43  Marine x2  
  96  6:46  Concussive Shells  
  102  6:47  Marauder  
  102  6:49  Marauder  
  102  6:51  SCV  
  102  6:52  Medivac  
  102  6:53  Supply Depot, SCV  
  108  6:57  Medivac  
  110  7:03  Factory Tech Lab, SCV  
  110  7:04  Marauder  
  110  7:06  SCV  
  116  7:08  Marauder  
  116  7:11  Marine x2  
  119  7:15  SCV  
  119  7:18  SCV  
  119  7:20  Marauder  
  119  7:21  Marine x2  
  123  7:23  Orbital Command  
  123  7:26  Marauder  
  123  7:27  SCV  
  126  7:30  SCV  
  126  7:32  Medivac x2  
  126  7:33  Siege Tank  
  134  7:39  SCV  
  134  7:42  SCV  
  136  7:46  Bunker  
  136  7:48  Terran Infantry Armor Level 1  
  136  7:50  SCV  
  137  7:52  SCV  
  137  7:54  SCV  
  137  7:58  Refinery  
  136  7:59  Refinery  
  136  8:02  Marauder  
  136  8:04  Supply Depot  
  140  8:07  Supply Depot  
  140  8:08  Missile Turret  
  140  8:09  Sensor Tower, Supply Depot  
  140  8:10  Viking, Supply Depot  
  140  8:12  Viking  
  142  8:15  SCV x2  
  142  8:17  Siege Tank  
  142  8:18  SCV  
  142  8:19  Missile Turret  
  148  8:27  Armory  
  148  8:29  Engineering Bay  
  148  8:31  Marauder x3  
  154  8:42  Viking  
  154  8:43  Command Center  
  154  8:44  Viking  
  158  8:50  Missile Turret  
  158  8:54  Marauder  
  158  8:55  Marauder, Supply Depot  
  162  8:56  Marauder  
  164  9:07  Missile Turret, Siege Tank  
  164  9:08  Missile Turret  
  167  9:11  Viking  
  167  9:12  SCV x2  
  167  9:14  Refinery  
  167  9:15  Terran Infantry Weapons Level 2  
  171  9:20  Marauder x2  
  171  9:21  Marauder  
  175  9:37  Terran Ship Weapons Level 1  
  175  9:45  Marauder x3  
  181  9:49  Viking x2  
  185  9:57  Starport, Barracks  
  182  10:00  Barracks  
  182  10:03  Marine x3  
  182  10:04  Marine  
  182  10:05  SCV x2  
  182  10:06  SCV  
  186  10:13  Marauder x2  
  163  10:17  SCV x2, Marine  
  163  10:18  SCV  
  163  10:21  Marine x2  
  163  10:27  Marine x2  
  164  10:29  SCV x2  
  164  10:30  Refinery, SCV  
  164  10:34  Marauder x2  
  169  10:36  Marauder  
  169  10:39  Marine x2  
  169  10:41  SCV x2  
  169  10:42  SCV  
  174  10:47  Sensor Tower  
  174  10:51  Marine  
  174  10:53  SCV x2  
  174  10:54  SCV  
  174  10:56  Marauder x2  
  174  10:57  Marine x2, Marauder  
  178  11:00  Reaper  
  179  11:05  SCV x2  
  179  11:06  SCV  
  179  11:09  Reaper  
  183  11:14  Marine  
  183  11:15  Marine  
  183  11:17  Marauder x2, SCV  
  188  11:24  SCV x2  
  188  11:31  Sensor Tower  
  188  11:33  Missile Turret  
  188  11:42  Marine  
  188  11:43  Marauder, Missile Turret  
  188  11:44  SCV  
  188  11:51  Planetary Fortress  
  188  11:57  Terran Infantry Weapons Level 3  
  188  11:58  Viking x2, SCV, Marauder  
  188  12:06  SCV x2  
  188  12:07  Supply Depot, Marauder  
  188  12:08  Marauder  
  188  12:09  Marauder  
  188  12:10  SCV  
  188  12:12  Marine  
  179  12:19  Marauder  
  179  12:20  Barracks Tech Lab  
  179  12:25  Fusion Core, Command Center  
  179  12:27  Viking x2  
  179  12:29  Marauder x2  
  185  12:31  Marauder  
  185  12:35  Missile Turret, Marine, Factory Tech Lab  
  188  12:37  Missile Turret  
  188  12:42  Missile Turret  
  188  12:44  Marauder  
  188  12:49  Marauder  
  179  12:57  Marauder x2  
  179  12:58  Marine x2  
  186  13:00  Refinery  
  186  13:02  Marauder  
  186  13:03  Refinery  
  188  13:08  Siege Tank  
  188  13:09  Medivac x2  
  188  13:12  Caduceus Reactor, Medivac  
  193  13:13  Medivac  
  193  13:17  Marauder  
  186  13:21  Marauder x2  
  186  13:24  Ghost Academy  
  177  13:39  Marauder x2, Orbital Command  
  177  13:40  Siege Tank  
  184  13:44  Marine  
  184  13:45  Marauder, Marine x2  
  182  13:55  Missile Turret x2  
  182  13:57  Marauder x2  
  182  13:59  Ghost x2  
  187  14:05  Ghost  
  187  14:08  Marine x2  
  189  14:12  Marine, Siege Tank  
  171  14:18  Ghost x2, Marine  
  168  14:26  Marine x2  
  168  14:28  Marine  
  168  14:29  Marauder, Marine  
  170  14:34  Marine  
Tags
 
Add a new tag
Caveats
  • Supply blocks, unpowered buildings, or Contaminate may cause inaccurate times.
  • Supply counts are checked every 10 seconds.